 Dungeon Crawl Stone Soup version 0.28-a0-1038-g9c4cb8273d (webtiles) character file.

Game seed: 11830199070908462881

662 browni3141 the Tainter (level 7, -4/41 HPs)
             Began as an Octopode Venom Mage on Dec 9, 2021.
             Slain by a black bear (9 damage)
             ... on level 5 of the Dungeon.
             The game lasted 00:14:49 (7587 turns).

browni3141 the Tainter (Octopode Venom Mage)        Turns: 7587, Time: 00:14:50

Health: -4/41      AC:  1    Str:  8    XL:     7   Next: 56%
Magic:  3/12       EV: 13    Int: 19    God:
Gold:   151        SH:  0    Dex: 12    Spells: 3/13 levels left

rFire   . . .      SeeInvis .   i - +0 dagger
rCold   . . .      Faith    .   (no shield)
rNeg    . . .      Spirit   .   (helmet restricted)
rPois   .          Reflect  .   (no amulet)
rElec   .          Harm     .   (no ring)
rCorr   .          Rampage  .   (no ring)
Will    .....                   (no ring)
Stlth   +++.......              (no ring)
HPRegen 0.13/turn               (no ring)
MPRegen 0.13/turn               (no ring)
                                (no ring)
                                (no ring)

@: very slightly contaminated
A: almost no armour, amphibious, 8 rings, camouflage 1, gelatinous body 1,
(nimble swimmer 1), tentacles
a: no special abilities


You were on level 5 of the Dungeon.
You visited 2 branches of the dungeon, and saw 6 of its levels.

You collected 151 gold pieces.

Inventory:

Hand Weapons
 i - a +0 dagger (weapon)
Missiles
 c - 30 poisoned darts
Jewellery
 e - an amulet of guardian spirit
Wands
 o - a wand of paralysis (6)
Scrolls
 a - 2 scrolls of magic mapping {unknown}
 b - a scroll of fear {unknown}
 d - a scroll of noise {unknown}
 f - 2 scrolls of enchant armour {unknown}
 h - 4 scrolls of identify {unknown}
 m - a scroll of blinking {unknown}
Potions
 g - a potion of flight {unknown}
 j - a potion of curing
 k - a potion of brilliance {unknown}
 l - 3 potions of degeneration {unknown}
 n - 2 potions of cancellation {unknown}


   Skills:
 - Level 2.0 Dodging
 - Level 2.6 Stealth
 + Level 3.5 Spellcasting
 + Level 1.8 Conjurations
 + Level 2.1 Transmutations
 + Level 1.6 Air Magic
 * Level 8.4 Poison Magic


You had 3 spell levels left.
You knew the following spells:

 Your Spells              Type           Power      Damage    Failure   Level
a - Sting                 Tmut/Pois      92%        1d7       1%          1
b - Poisonous Vapours     Pois/Air       44%        N/A       2%          2
c - Mephitic Cloud        Conj/Pois/Air  18%        N/A       9%          3
d - Olgreb's Toxic Radia  Pois           35%        N/A       4%          4

Your spell library contained the following spells:

 Spells                   Type           Power      Damage    Failure   Level
 Foxfire                  Conj/Fire      24%        2x1d5     10%         1
 Apportation              Tloc           6%         N/A       14%         1
 Slow                     Hex            12%        N/A       14%         1
 Conjure Flame            Conj/Fire      6%         6-21      30%         3
 Confusing Touch          Hex            3%         N/A       41%         3
 Inner Flame              Hex/Fire       3%         N/A       41%         3
 Alistair's Intoxication  Tmut/Pois      15%        N/A       41%         5
 Flame Wave               Conj/Fire      6%         2d4       69%         4
 Yara's Violent Unravell  Hex/Tmut       3%         3d4       95%         5
 Chain Lightning          Conj/Air       5%         3d6       100%        9
 Fire Storm               Conj/Fire      3%         8d1       100%        9
 Shatter                  Erth           1%         3d6*      100%        9


Dungeon Overview and Level Annotations

Branches:
Dungeon (5/15)             Temple (1/1) D:4

Altars:
Ashenzari
Elyvilon
Makhleb
Nemelex Xobeh
Qazlal
Sif Muna
Trog
Uskayaw
Xom
Yredelemnul
The Shining One

Annotations:
D:3 Grinder


Innate Abilities, Weirdness & Mutations

You cannot wear most types of armour.
You are amphibious.
You can wear up to eight rings at the same time.
Your skin changes colour to match your surroundings (Stealth+).
Your rubbery body absorbs attacks. (AC +1, EV +1)
((You are camouflaged near water. (Stealth+)))
You have tentacles for arms and can constrict up to eight enemies at once.


Message History

Casting: Mephitic Cloud (dangerous; 9% risk of failure)
Confirm with . or Enter, or press ? or * to list all spells.
Aiming: Mephitic Cloud (dangerous; 9% risk of failure)
Press: ? - help, Shift-Dir - straight line The ball explodes into a vile cloud!
The stinking cloud engulfs the black bear but does no damage.
The black bear is heavily wounded.
You constrict the black bear.
You hear a shout! x3
The black bear barely misses you. The black bear closely misses you. x2
Unknown command.
Casting: Mephitic Cloud (dangerous; 9% risk of failure)
Confirm with . or Enter, or press ? or * to list all spells.
You begin to radiate toxic energy.
The black bear is poisoned.
You constrict the black bear. The black bear bites you!
The black bear claws you but does no damage.
The black bear completely misses you.
Unknown command.
You hit the black bear but do no damage.
The black bear is severely wounded.
Your toxic aura wanes.
You constrict the black bear.
The black bear goes berserk!
Unknown command.
You release your grip on the black bear.
The black bear bites you! The black bear claws you.
* * * LOW HITPOINT WARNING * * *
The black bear claws you.
* * * LOW HITPOINT WARNING * * *
There is a stone staircase leading up, spattered with blood here.
Unknown command.
The black bear looks more healthy.
The black bear barely misses you. The black bear claws you.
* * * LOW HITPOINT WARNING * * *
The black bear barely misses you.
Aiming: Paralyse
Press: ? - help, Shift-Dir - straight line, f - black bear
Aim: a black bear (almost dead, berserk, chance to affect: 46%)
The black bear resists with some effort.
The black bear bites you!
You die...

.............#
.............#
...$.........###
...............#
.............#
.[...........#
###.#..#.#<..#
#....#.#.#######
.......#.#.h@....#
###....#.#######.#
#.#..#.# #.#..#..
# ##.#.#


You could see a black bear (berserk).

Vanquished Creatures
  Sigmund (D:2)
  Blork the orc (D:4)
  2 jellies (D:4)
  Jessica (D:2)
  Terence (D:3)
  Natasha (thrice) (D:2)
  2 orc wizards (D:3)
  Robin (D:2)
  A howler monkey skeleton (D:4)
  6 adders
  An adder zombie (D:2)
  3 worms
  4 orcs
  6 bats
  A bat skeleton (D:2)
  2 bat zombies (D:2)
  5 endoplasms
  6 giant cockroaches
  15 goblins
  10 hobgoblins
  2 jackals (D:2)
  7 kobolds
  7 quokkas
  8 ball pythons
  3 ball python skeletons (D:2)
  2 frilled lizards
  A jackal zombie (D:2)
  A quokka skeleton (D:2)
  4 rats (D:3)
107 creatures vanquished.

Vanquished Creatures (others)
  A withered plant (D:2)
1 creature vanquished.

Grand Total: 108 creatures vanquished

Notes
Turn   | Place    | Note
-------+----------+-------------------------------------------
     0 | D:1      | browni3141 the Octopode Venom Mage began the quest for the
                  | Orb.
     0 | D:1      | Reached XP level 1. HP: 11/11 MP: 3/3
   420 | D:1      | Reached skill level 4 in Poison Magic
   659 | D:1      | Reached XP level 2. HP: 2/17 MP: 1/5
  1427 | D:2      | Noticed Natasha
  1445 | D:3      | Reached skill level 5 in Poison Magic
  1445 | D:3      | Reached XP level 3. HP: 1/21 MP: 3/6
  1676 | D:3      | Learned a level 2 spell: Poisonous Vapours
  2297 | D:3      | Reached skill level 6 in Poison Magic
  2297 | D:3      | Reached XP level 4. HP: 10/27 MP: 1/7
  2673 | D:3      | Noticed Terence
  2675 | D:3      | Noticed Grinder
  2698 | D:3      | Killed Terence
  2699 | D:3      | Reached XP level 5. HP: 16/31 MP: 1/8
  2704 | D:3      | Learned a level 3 spell: Mephitic Cloud
  2896 | D:3      | Found a faded altar of an unknown god.
  3567 | D:2      | Found a broken altar of Ashenzari.
  3627 | D:2      | Reached skill level 7 in Poison Magic
  3823 | D:2      | Killed Natasha
  3924 | D:2      | Noticed Sigmund
  3978 | D:2      | Noticed Natasha
  3978 | D:2      | Noticed Robin
  4323 | D:2      | Noticed Jessica
  4546 | D:2      | Reached XP level 6. HP: 36/36 MP: 10/10
  4764 | D:2      | Killed Natasha
  4793 | D:2      | Noticed Natasha
  4800 | D:2      | Killed Natasha
  4926 | D:2      | Learned a level 4 spell: Olgreb's Toxic Radiance
  4951 | D:2      | Killed Robin
  5290 | D:2      | Killed Jessica
  5416 | D:2      | Killed Sigmund
  5417 | D:2      | Reached skill level 1 in Conjurations
  5417 | D:2      | Reached skill level 1 in Air Magic
  5417 | D:2      | Reached skill level 8 in Poison Magic
  5417 | D:2      | Reached XP level 7. HP: 38/41 MP: 1/12
  5544 | D:3      | Paralysed by Grinder for 3 turns
  5740 | D:4      | Found a staircase to the Ecumenical Temple.
  5747 | Temple   | Entered the Ecumenical Temple
  6483 | D:4      | Noticed Blork the orc
  6500 | D:4      | Killed Blork the orc
  7572 | D:5      | Entered Level 5 of the Dungeon
  7587 | D:5      | Slain by a black bear

Illustrated notes

Levels and vault maps discovered:
D:1:      dpeg_arrival_arbitrary_c, layout_rooms, nrook_loot_triangle,
          nicolae_concentric_dashed_squares_mild, minmay_misc_feat_more_columns
D:2:      layout_rooms, basic_altar, serial_undead, serial_undead_b,
          serial_undead_d, serial_undead_a, serial_undead_c, serial_undead_e,
          serial_undead_b, kennysheep_jessica_study, uniq_natasha, uniq_jessica,
          uniq_sigmund, uniq_robin
D:3:      layout_rooms, hellmonk_ecumenical_altar_pennies_from_heaven,
          gup_sewer_entry_bubbles, kennysheep_potato, uniq_terence, uniq_grinder
D:4:      layout_loops_cross, minmay_temple_entry_butterflies,
          hangedman_glass_teeth, uniq_blork_the_orc
D:5:      layout_basic, nicolae_dithmenos_through_a_glass_darkly,
          mainiacjoe_overflow_boulevard, serial_shops,
          nicolae_shop_advertising_works [nicolae_subvault_shop_adworks],
          uniq_eustachio
Temple:   minmay_temple_curvy_loop

Skill      XL: |  1  2  3  4  5  6  7 |
---------------+----------------------+-----
Poison Magic   | 4 5 6 7 8 |  8.4
Spellcasting   | 3 |  3.5
Conjurations   | 1 |  1.8
Air Magic      | 1 |  1.6
Transmutations | 2 |  2.1
Dodging        | |  2.0
Stealth        | |  2.6

Action                   |  1- 3 |  4- 6 |  7- 9 || total
-------------------------+-------+-------+-------++-------
Melee: Unarmed           |    69 |    79 |       ||   148
       Constrict         |    19 |    41 |     9 ||    69
       Tentacles         |     9 |    26 |    12 ||    47
       Dagger            |       |    83 |    47 ||   130
Throw: Dart              |     2 |       |       ||     2
 Cast: Sting             |    23 |    11 |     6 ||    40
       Poisonous Vapours |     7 |    17 |     1 ||    25
       Mephitic Cloud    |       |     2 |     1 ||     3
       Olgreb's Toxic Ra |       |     5 |     1 ||     6
Evoke: Wand              |     4 |     8 |     2 ||    14
 Stab: Paralysed         |     6 |     4 |       ||    10
       Sleeping          |       |     7 |     6 ||    13
Armor: Skin              |    10 |    26 |     1 ||    37
Dodge: Dodged            |    62 |   115 |    36 ||   213

Table legend: (Time is in decaauts)
 A = Elapsed time spent in this place.
 B = Non-inter-level travel time spent in this place.
 C = Inter-level travel time spent in this place.
 D = Time resting spent in this place.
 E = Time spent auto-exploring this place.
 F = Levels seen in this place.
 G = Mean time per level.
                   A        B        C        D        E       F      G
               +--------+--------+--------+--------+--------+-----+--------+
         Total |   7600 |   7408 |    192 |   1047 |   5050 |   6 | 1266.7 |
       Dungeon |   7362 |   7204 |    158 |   1047 |   4863 |   5 | 1472.4 |
        Temple |    238 |    204 |     34 |      0 |    187 |   1 |  238.0 |
               +--------+--------+--------+--------+--------+-----+--------+

Top non-repeatable levels by time:
     D:3: 2172 daAuts
     D:1: 1925 daAuts
     D:2: 1792 daAuts
     D:4: 1456 daAuts
  Temple: 238 daAuts
     D:5: 14 daAuts
